Map: [ESL] Alcyone

Players

Future - Winner!

  • Race: Terran Terran
  • Spawn Location: 1:00

eGGz

  • Race: Zerg Zerg
  • Spawn Location: 7:00

Event: ESL SC2 Masters 2023 Winter (Regional)

VOD

Have the link to the VOD?

Description

Time

  • Played on: Nov. 1, 2023, 5:42 p.m.
  • Length: 11:52

All games in this series

Show
View Real Time Build Order
Export as new Build Order

Future Terran - Winner!

Build Orders: Liberator Opening, Reaper Expand 

Get SALT Encoding   

  12  0:01  SCV  
  13  0:14  SCV  
  14  0:17  Supply Depot  
  14  0:26  SCV  
  15  0:39  SCV  
  15  0:41  Barracks  
  16  0:45  Refinery  
  16  0:51  SCV  
  17  1:03  SCV  
  18  1:15  SCV  
  19  1:28  Orbital Command, Reaper  
  20  1:40  Command Center  
  20  1:50  Supply Depot  
  20  1:53  SCV  
  21  2:00  Marine  
  22  2:05  SCV  
  23  2:09  Factory  
  23  2:17  Refinery  
  23  2:18  SCV  
  23  2:22  Barracks Reactor  
  24  2:30  SCV  
  25  2:42  SCV  
  26  2:55  Orbital Command, Starport  
  26  2:56  SCV  
  27  3:08  Hellion x2, SCV  
  27  3:10  Barracks Tech Lab  
  32  3:20  SCV  
  32  3:21  SCV  
  34  3:30  Hellion x2  
  34  3:32  Liberator, SCV  
  34  3:33  SCV  
  43  3:34  Supply Depot  
  43  3:37  Marine  
  44  3:41  Stimpack  
  44  3:44  SCV  
  44  3:45  SCV  
  45  3:56  Hellion x2  
  45  3:57  SCV x2  
  45  4:01  Marine  
  48  4:05  Supply Depot  
  48  4:10  SCV x2  
  50  4:22  Starport Reactor, SCV x2  
  52  4:27  Factory Tech Lab  
  52  4:29  Command Center  
  52  4:31  Supply Depot  
  52  4:34  SCV x2  
  52  4:35  Barracks  
  54  4:38  Barracks  
  54  4:46  SCV x2  
  54  4:48  Engineering Bay  
  54  4:49  Engineering Bay  
  54  4:50  Marine  
  54  4:52  Siege Tank  
  60  5:06  SCV  
  57  5:07  SCV  
  57  5:08  Marine  
  57  5:09  Refinery  
  57  5:10  Refinery  
  57  5:13  Starport Reactor  
  54  5:17  Terran Infantry Weapons Level 1, Terran Infantry Armor Level 1  
  54  5:19  SCV x2  
  54  5:23  Marine x2  
  54  5:25  Combat Shield  
  54  5:27  Marine  
  57  5:31  SCV x2  
  57  5:33  Marine x2  
  61  5:37  Supply Depot  
  61  5:41  Marine x2  
  63  5:44  SCV x2  
  63  5:45  Marine  
  63  5:46  Siege Tank  
  63  5:49  Supply Depot  
  69  5:50  Marine  
  69  5:51  Medivac  
  69  5:52  Supply Depot  
  69  5:53  Marine  
  69  5:56  SCV x2  
  75  5:58  Medivac  
  75  5:59  Marine x2  
  75  6:02  Orbital Command  
  79  6:05  Marine  
  79  6:08  SCV x2  
  82  6:12  Marine  
  82  6:13  Marine  
  82  6:16  Marine  
  82  6:17  Marine  
  86  6:20  SCV x2  
  86  6:23  Barracks x2  
  86  6:24  Siege Tank  
  90  6:29  SCV  
  91  6:33  Marine x2  
  91  6:34  Marine  
  91  6:37  Marine  
  91  6:38  Medivac x2  
  98  6:40  SCV x2  
  98  6:41  SCV  
  98  6:46  Armory  
  101  6:48  Supply Depot x2  
  101  6:53  Marine x3  
  104  6:56  Siege Tank  
  104  6:57  Marine  
  104  6:59  SCV  
  104  7:00  SCV  
  109  7:02  Concussive Shells, Refinery x2  
  109  7:09  SCV  
  109  7:10  Barracks Tech Lab x2  
  109  7:11  Marauder  
  109  7:12  SCV  
  109  7:13  SCV  
  114  7:18  Supply Depot x2  
  114  7:20  Marine x2, Medivac x2  
  114  7:21  SCV  
  124  7:30  Marauder x2  
  124  7:35  Supply Depot  
  124  7:36  Supply Depot  
  124  7:43  Marine x3, Marauder  
  124  7:44  Marine  
  130  7:49  Siege Tank  
  137  7:51  Marauder x2  
  137  7:55  Terran Vehicle Weapons Level 1  
  137  7:58  Supply Depot  
  137  7:59  Supply Depot, SCV x3  
  137  8:03  Missile Turret  
  140  8:09  Terran Infantry Weapons Level 2, Terran Infantry Armor Level 2  
  140  8:13  Marauder x2  
  140  8:16  Marauder  
  140  8:19  Marine x3  
  146  8:20  Marine  
  147  8:29  Supply Depot  
  147  8:32  Siege Tank  
  150  8:39  Marine x3, Marauder x3  
  150  8:41  Marine  
  156  8:48  Supply Depot  
  156  8:49  Supply Depot  
  156  8:51  Medivac x2  
  158  9:00  Marine, Marauder x2  
  158  9:01  Marine x2, Marauder  
  164  9:05  Siege Tank  
  164  9:09  Marine  
  150  9:16  SCV x3  
  146  9:21  Command Center, Marine x3  
  148  9:30  Marauder x2  
  152  9:39  Siege Tank  
  152  9:43  Barracks, Medivac x2  
  152  9:45  Barracks, Marauder  
  161  9:49  Barracks, Marine x3  
  161  9:51  Marauder x2  
  168  9:56  Marine  
  169  10:04  Factory  
  169  10:06  Marauder, SCV x2  
  173  10:07  SCV, Supply Depot  
  173  10:08  Supply Depot  
  173  10:11  Siege Tank, Marine x2  
  173  10:12  Marauder  
  173  10:13  Marauder  
  183  10:18  SCV  
  170  10:22  Marine x2  
  170  10:27  Marauder  
  152  10:34  Marauder x2  
  152  10:35  Marine x3  
  146  10:41  SCV  
  123  10:43  Siege Tank  
  123  10:44  SCV  
  123  10:46  Marine x3  
  123  10:47  Marine  
  123  10:48  Marine  
  126  10:52  Marine  
  126  10:53  Marine  
  124  10:59  Marine  
  124  11:00  Marine x2  
  124  11:02  SCV  
  124  11:03  Marine, SCV x2  
  119  11:04  Marine x3  
  119  11:06  Marine  
  119  11:10  Factory Reactor  
  123  11:13  Marine  
  123  11:15  Marine  
  123  11:16  Widow Mine  
  127  11:24  Marauder x2, Marine x5  
  136  11:28  SCV  
  136  11:29  SCV  
  136  11:30  SCV  
Show
View Real Time Build Order
Export as new Build Order

eGGz Zerg 

Build Orders: Hatch First 

Get SALT Encoding   

  12  0:00  Drone  
  13  0:12  Overlord  
  13  0:17  Drone  
  14  0:31  Drone  
  14  0:32  Drone  
  16  0:48  Hatchery  
  15  0:52  Drone  
  15  0:55  Drone  
  17  1:00  Drone  
  18  1:09  Extractor  
  17  1:14  Spawning Pool  
  17  1:17  Drone  
  17  1:20  Drone  
  18  1:33  Drone  
  19  1:42  Drone  
  20  1:52  Overlord  
  20  2:01  Drone, Queen x2  
  20  2:02  Zergling x2  
  26  2:13  Metabolic Boost  
  26  2:14  Zergling x2  
  26  2:33  Spore Crawler  
  26  2:34  Hatchery  
  26  2:35  Drone  
  25  2:41  Drone  
  25  2:42  Drone x2  
  29  2:47  Drone x2  
  31  2:53  Queen  
  31  2:57  Overlord  
  33  3:02  Drone  
  34  3:08  Spore Crawler  
  34  3:11  Spore Crawler  
  32  3:15  Drone  
  32  3:16  Drone x2  
  37  3:23  Overlord  
  37  3:28  Overlord  
  37  3:29  Queen  
  39  3:35  Zergling x6  
  42  3:44  Overlord  
  42  3:46  Drone x2  
  43  3:49  Spore Crawler  
  43  3:54  Drone  
  43  3:56  Drone x3  
  43  3:58  Drone  
  43  4:00  Drone  
  46  4:03  Overlord  
  46  4:04  Drone x2  
  46  4:05  Queen  
  46  4:08  Drone  
  51  4:10  Drone x2  
  51  4:16  Drone  
  54  4:19  Overlord  
  54  4:22  Drone  
  55  4:24  Roach Warren  
  55  4:28  Spore Crawler  
  55  4:29  Zergling x4  
  55  4:34  Drone  
  55  4:35  Queen  
  55  4:38  Drone  
  59  4:39  Drone x2  
  61  4:48  Drone x2  
  61  4:49  Drone x4  
  61  4:50  Drone  
  61  4:52  Drone  
  69  4:54  Drone  
  68  5:03  Overlord  
  68  5:04  Drone x2  
  68  5:06  Zergling x6  
  68  5:12  Drone  
  68  5:13  Drone  
  68  5:16  Overlord  
  68  5:18  Lair  
  68  5:21  Extractor  
  67  5:22  Zergling x4, Extractor x2  
  67  5:25  Zergling x6  
  70  5:28  Roach  
  73  5:35  Drone x2  
  73  5:41  Drone  
  75  5:48  Drone x3  
  78  5:51  Queen  
  78  5:53  Hatchery  
  78  5:54  Drone  
  78  5:56  Drone x3  
  83  5:57  Hatchery  
  83  5:58  Drone  
  83  6:00  Overlord  
  83  6:02  Roach  
  84  6:06  Evolution Chamber  
  84  6:09  Drone x2, Evolution Chamber  
  84  6:10  Roach  
  86  6:14  Roach  
  86  6:15  Roach  
  90  6:22  Roach x5  
  100  6:27  Roach x2  
  100  6:29  Ravager  
  100  6:30  Ravager  
  100  6:31  Glial Reconstitution  
  106  6:34  Overlord  
  106  6:35  Overlord  
  104  6:42  Zerg Ground Armor Level 1  
  104  6:45  Drone, Extractor  
  104  6:46  Drone x2  
  106  6:52  Overlord  
  106  6:55  Roach x5  
  106  7:01  Roach x3  
  122  7:10  Zergling x22, Zerg Missile Weapons Level 1  
  122  7:14  Drone  
  134  7:17  Drone x2  
  134  7:20  Baneling Nest  
  135  7:23  Zergling x2  
  135  7:24  Zergling x8, Infestation Pit  
  139  7:30  Drone x3  
  142  7:38  Overlord x5  
  142  7:44  Overlord  
  142  7:47  Overlord  
  142  7:58  Roach x10  
  162  8:00  Ravager x2  
  162  8:03  Drone x4  
  168  8:10  Centrifugal Hooks  
  166  8:16  Drone x10  
  174  8:22  Zergling x8, Roach  
  180  8:28  Hive  
  167  8:44  Zergling x34  
  184  8:53  Zergling x12  
  188  9:14  Hatchery  
  186  9:21  Overlord  
  186  9:22  Zerg Melee Weapons Level 1, Zerg Ground Armor Level 2  
  185  9:28  Hatchery  
  184  9:35  Overlord  
  184  9:36  Baneling x7  
  183  9:47  Overlord  
  183  9:56  Ultralisk Cavern  
  183  9:57  Drone x2  
  184  10:02  Hatchery  
  184  10:03  Ravager x2  
  184  10:05  Baneling  
  185  10:10  Zergling x16  
  179  10:25  Zergling x16  
  163  10:33  Zergling x10  
  163  10:35  Baneling x4  
  143  10:42  Zergling x12  
  130  10:47  Viper x2  
  125  10:50  Zergling x4  
  111  10:58  Zergling x14  
  109  11:07  Roach x2  
  109  11:09  Baneling x7  
  108  11:12  Baneling x2  
  108  11:13  Zergling x10  
  109  11:20  Zergling x6  
  109  11:25  Zergling x12  
  114  11:34  Zergling x8  
Tags
 
Add a new tag
Caveats
  • Supply blocks, unpowered buildings, or Contaminate may cause inaccurate times.
  • Supply counts are checked every 10 seconds.